 Dungeon Crawl Stone Soup version 0.25.0-26-g0c896c7088 (webtiles) character file.

Game seed: 5021177992111546136

8534 mayo the Carver (level 11, -2/74 HPs)
             Began as an Octopode Fighter on July 3, 2020.
             Was a Priest of Dithmenos.
             Killed from afar by an oklob plant (12 damage)
             ... with a splash of acid
             ... on level 10 of the Dungeon.
             The game lasted 00:27:06 (14629 turns).

mayo the Carver (Octopode Fighter)                 Turns: 14629, Time: 00:27:06

Health: -2/74      AC: -3    Str: 17    XL:     11   Next: 32%
Magic:  25/25      EV: 15    Int: 11    God:    Dithmenos [***...]
Gold:   680        SH: 16    Dex: 13    Spells: 10/10 levels left

rFire    . . .     SeeInvis .   a - +0 long sword
rCold    . . .     Gourm    .   b - +0 kite shield
rNeg     . . .     Faith    .   (helmet restricted)
rPois    .         Spirit   .   z - amulet of reflection
rElec    .         Reflect  +   A - ring of magical power
rCorr    .         Harm     .   (no ring)
MR       .....                  (no ring)
Stlth    +++.......             (no ring)
HPRegen  0.22/turn              (no ring)
MPRegen  0.19/turn              (no ring)
                                (no ring)
                                (no ring)

@: corroded, wreathed by umbra
A: almost no armour, stealthy swim, amphibious, 8 rings, constrict 8, camouflage
1, gelatinous body 1
a: Shadow Step, Renounce Religion


You were on level 10 of the Dungeon.
You worshipped Dithmenos.
Dithmenos was most pleased with you.
You were very hungry.

You visited 2 branches of the dungeon, and saw 11 of its levels.

You collected 680 gold pieces.

Inventory:

Hand Weapons
 a - a +0 long sword (weapon)
Missiles
 p - 7 silver boomerangs (quivered)
 D - 20 poisoned darts
Armour
 b - a +0 kite shield (worn)
 y - a +0 tower shield
Jewellery
 z - an amulet of reflection (around mantle)
 A - a ring of magical power (left tentacle)
 B - an uncursed amulet of the acrobat
Wands
 k - a wand of polymorph (7)
 v - a wand of flame (4)
 F - a wand of acid (9)
 G - a wand of disintegration (10)
Scrolls
 j - 6 scrolls of teleportation {unknown}
 l - 2 scrolls of enchant weapon {unknown}
 m - 5 scrolls of immolation
 q - 4 scrolls of enchant armour {unknown}
 r - 3 scrolls of fear {unknown}
 u - a scroll of noise
 w - 4 scrolls of amnesia
 C - 2 scrolls of remove curse
 I - a scroll of fog
 K - a scroll of magic mapping
 N - a scroll of blinking
Potions
 c - a potion of might
 e - 5 potions of degeneration {unknown}
 f - a potion of berserk rage
 g - 5 potions of flight {unknown}
 h - 6 potions of curing {unknown}
 i - 4 potions of resistance {unknown}
 n - 6 potions of lignification {unknown}
 o - 3 potions of heal wounds {unknown}
 s - 2 potions of haste
 t - 2 potions of cancellation {unknown}
 E - a potion of stabbing
 H - a potion of brilliance
Comestibles
 d - 17 rations


   Skills:
 - Level 6.9 Fighting
 - Level 10.3 Long Blades
 + Level 5.3 Throwing
 - Level 5.7 Dodging
 - Level 8.4 Shields
 - Level 7.3 Evocations


You had 10 spell levels left.
You didn't know any spells.
Your spell library contained the following spells:

 Spells                   Type           Power        Failure   Level  Hunger
 Beastly Appendage        Tmut           #.....       63%         1    ##.....
 Sticks to Snakes         Tmut           #.......     77%         2    ###....
 Spider Form              Tmut/Pois      #.........   94%         3    ####...
 Ice Form                 Ice/Tmut       #.......     100%        4    #####..
 Blade Hands              Tmut           #.........   100%        5    ######.


Dungeon Overview and Level Annotations

Branches:
Dungeon (10/15)            Temple (1/1) D:6             Orc (0/2) D:10
   Lair: D:8-11

Altars:
Dithmenos
Elyvilon
Fedhas
Hepliaklqana
Ru
Trog
Uskayaw
Wu Jian
Yredelemnul
Zin
The Shining One
Beogh

Annotations:
D:5 1 runed translucent door, walterwhite's ghost, novice DDFi
D:8 3 runed translucent doors, housinr's ghost, novice TrFi
D:10 exclusion: 2 oklob plants


Innate Abilities, Weirdness & Mutations

You cannot wear most types of armour.
You are very stealthy in the water. (Stealth+)
You are amphibious.
You can wear up to eight rings at the same time.
You can use your tentacles to constrict eight enemies at once.
Your skin changes colour to match your surroundings (Stealth+).
Your rubbery body absorbs attacks. (AC +1, EV +1)


Message History

Unknown command.
Evoke which item? (* to show all) (? for menu, Esc to quit)
Aiming: Throw Flame
Press: ? - help, Shift-Dir - straight line, f/p - oklob plant
Aim: an oklob plant (almost destroyed)
The puff of flame hits the oklob plant.
The oklob plant is almost destroyed.
The oklob plant spits acid at you. The splash of acid hits you!
The acid corrodes you!
You are splashed with acid!
* * * LOW HITPOINT WARNING * * *
Unknown command.
Evoke which item? (* to show all) (? for menu, Esc to quit)
Aiming: Throw Flame
Press: ? - help, Shift-Dir - straight line, f/p - oklob plant
Aim: an oklob plant (almost destroyed)
The puff of flame hits the oklob plant.
The oklob plant is almost destroyed.
The oklob plant spits acid at you. The splash of acid hits you!
You die...

#|..#..o##########.####.#.
........#...###############.##
........#.........##.....####
............#...♣♣......#
............#..♣♣.......#
............#...♣♣......#
.....P...........♣......#
...PPPP................#
..P......@.........#
P.....#[####.....).# P........
..###.... .P....#.####.# ####.
......#.# #.# ..... #.# #.#
..... #.# #.# ... #.# #.#


You could see an oklob plant.

Vanquished Creatures
  A two-headed ogre (D:10)
  Pikel (D:5)
  A troll (D:10)
  A hippogriff (D:9)
  8 yaks
  A hog (D:7)
  A human (D:7)
  A warg (D:9)
  Edmund (D:6)
  A water moccasin (D:9)
  2 ice beasts
  2 slaves (D:5)
  An eye of draining (D:6)
  6 orc warriors
  2 black bears (D:10)
  3 sky beasts
  4 phantoms
  4 centaurs
  5 ogres
  3 big kobolds
  5 bullfrogs
  9 killer bees
  A scorpion (D:6)
  12 wights
  A crimson imp (D:10)
  2 howler monkeys
  2 jellies
  2 bullfrog zombies (D:9)
  5 hounds
  6 orc priests
  7 orc wizards
  3 bullfrog skeletons
  2 iguanas (D:4)
  Terence (D:2)
  9 worker ants
  2 hound skeletons
  A worker ant zombie (D:9)
  2 howler monkey skeletons
  14 adders
  3 shadow imps
  2 adder skeletons
  3 worms
  5 dart slugs
  6 leopard geckos
  46 orcs
  8 bats
  5 giant cockroaches
  15 goblins
  10 hobgoblins
  10 jackals
  5 quokkas
  4 frilled lizards
  17 kobolds
  A leopard gecko skeleton (D:7)
  2 quokka skeletons
  A quokka zombie (D:9)
  6 rats
284 creatures vanquished.

Vanquished Creatures (others)
  10 toadstools (D:6)
10 creatures vanquished.

Grand Total: 294 creatures vanquished

Notes
Turn   | Place    | Note
-------+----------+-------------------------------------------
     0 | D:1      | mayo the Octopode Fighter began the quest for the Orb.
     0 | D:1      | Reached XP level 1. HP: 16/16 MP: 1/1
   335 | D:1      | Reached XP level 2. HP: 21/21 MP: 2/2
   599 | D:1      | Reached skill level 3 in Long Blades
  1040 | D:1      | Reached XP level 3. HP: 26/26 MP: 3/3
  1347 | D:2      | Found a basalt altar of Yredelemnul.
  1354 | D:2      | Reached skill level 4 in Long Blades
  1354 | D:2      | Reached XP level 4. HP: 26/31 MP: 4/4
  2088 | D:2      | Reached skill level 5 in Long Blades
  2088 | D:2      | Reached XP level 5. HP: 36/36 MP: 5/5
  2094 | D:2      | Noticed Terence
  2103 | D:2      | Killed Terence
  2650 | D:3      | Found a bloodstained altar of Trog.
  2964 | D:3      | Found a sacrificial altar of Ru.
  3094 | D:3      | Reached skill level 6 in Long Blades
  3094 | D:3      | Reached XP level 6. HP: 32/42 MP: 6/6
  3509 | D:4      | Found an ornate altar of the Wu Jian Council.
  3817 | D:4      | Reached XP level 7. HP: 49/49 MP: 7/7
  4225 | D:5      | Entered Level 5 of the Dungeon
  4362 | D:5      | Reached skill level 5 in Fighting
  4790 | D:5      | Noticed Pikel
  4816 | D:5      | Killed Pikel
  4816 | D:5      | Reached XP level 8. HP: 32/55 MP: 8/8
  5006 | D:5      | Found a runed translucent door.
  5012 | D:5      | Noticed walterwhite's ghost (novice DDFi)
  5357 | D:6      | Found a hazy altar of Hepliaklqana.
  5521 | D:6      | Reached skill level 7 in Long Blades
  5601 | D:6      | Noticed a slime creature
  5794 | D:6      | Noticed Edmund
  5805 | D:6      | Killed Edmund
  5805 | D:6      | Reached skill level 8 in Long Blades
  5808 | D:6      | Reached XP level 9. HP: 57/61 MP: 9/9
  5975 | D:6      | Reached skill level 1 in Throwing
  6556 | D:6      | Found a staircase to the Ecumenical Temple.
  6577 | Temple   | Entered the Ecumenical Temple
  6640 | Temple   | Became a worshipper of Dithmenos the Shadowed
  7792 | D:7      | Found a blossoming altar of Fedhas.
  7793 | D:7      | Found a glowing silver altar of Zin.
  7794 | D:7      | Found a hide-covered altar of Uskayaw.
  7795 | D:7      | Found a glowing golden altar of the Shining One.
  8345 | D:7      | Reached skill level 5 in Dodging
  8537 | D:7      | Reached XP level 10. HP: 60/66 MP: 10/10
  8785 | D:8      | Reached skill level 9 in Long Blades
  9782 | D:7      | Reached skill level 1 in Evocations
 10075 | D:8      | Reached * piety under Dithmenos
 10269 | D:8      | Found a runed translucent gate.
 10285 | D:8      | Noticed housinr's ghost (novice TrFi)
 10354 | D:8      | Found a runed translucent gate.
 10354 | D:8      | Found a runed translucent gate.
 10359 | D:8      | Identified the +7 flail "Angyig" {freeze, rF+ rN++ Int-5}
 10359 | D:8      | Identified the +4 chain mail of Nimuf {rN+ Stlth+}
 10511 | D:8      | Found a roughly hewn altar of Beogh.
 11125 | D:9      | Reached skill level 5 in Evocations
 11786 | D:9      | Reached ** piety under Dithmenos
 12699 | D:10     | Entered Level 10 of the Dungeon
 12767 | D:10     | Reached skill level 10 in Long Blades
 12767 | D:10     | Reached XP level 11. HP: 37/72 MP: 16/16
 13170 | D:10     | Noticed a two-headed ogre
 13216 | D:10     | Killed a two-headed ogre
 13896 | D:10     | Noticed an oklob plant
 13944 | D:10     | Found a staircase to the Orcish Mines.
 14231 | D:10     | Noticed an oklob plant
 14340 | D:10     | Reached skill level 5 in Throwing
 14348 | D:10     | Reached *** piety under Dithmenos
 14629 | D:10     | Killed from afar by an oklob plant

Illustrated notes

Levels and vault maps discovered:
D:1:      nagdon_arrival_double_spiral, layout_basic, serial_corexii_hall,
          chequers_hall_statues_corner_a, chequers_hall_statues_corner_a,
          minmay_misc_feat_plants, nrook_mini_backslash, minivault_27
D:2:      layout_basic, nicolae_overflow_crystal_walls,
          corexii_leaking_fountain, nicolae_underground_beach, uniq_terence
D:3:      layout_rooms, bloody_trog, nicolae_ru_the_path_less_chosen,
          first_ration
D:4:      layout_loops_cross, lemuel_crystal_altar
D:5:      layout_rooms, ebering_ghost_sewer_d, uniq_pikel
D:6:      cheibrodos_fertilizer, layout_loops_ring, lemuel_doored_altar,
          minmay_temple_entry_wispy, uniq_edmund
D:7:      layout_cave_pools, minitemple, grunt_livestock
D:8:      layout_loops_ring, biasface_ghost_orc_armoury,
          kennysheep_generic_room_13
D:9:      layout_grid_maze, kennysheep_generic_room_7
D:10:     layout_basic, lair_entry_dummy, erik_orc_3, disabler_island
Temple:   nicolae_temple_figure_eight

Skill      XL: |  1  2  3  4  5  6  7  8  9 10 11 |
---------------+----------------------------------+-----
Long Blades    | 3 4 5 6 8 10 | 10.3
Fighting       | 4 5 6 |  6.9
Shields        | 6 7 8 |  8.4
Throwing       | 4 5 |  5.3
Dodging        | 5 |  5.7
Evocations     | 7 |  7.3

Action                   |  1- 3 |  4- 6 |  7- 9 | 10-12 || total
-------------------------+-------+-------+-------+-------++-------
Melee: Long sword        |    32 |   137 |   218 |   355 ||   742
       Constrict         |    12 |    39 |    52 |    83 ||   186
       Tentacles         |     7 |    27 |    62 |    95 ||   191
Throw: Dart              |       |       |    33 |    77 ||   110
       Boomerang         |       |       |       |    47 ||    47
       Throwing net      |       |       |       |     1 ||     1
Evoke: Wand              |       |       |       |     6 ||     6
  Use: Scroll            |       |       |    13 |     4 ||    17
 Stab: Sleeping          |     3 |    11 |     6 |     5 ||    25
       Distracted        |       |     1 |       |       ||     1
  Eat: Chunk             |     1 |     8 |    15 |    15 ||    39
       Ration            |       |       |       |     1 ||     1
Armor: Skin              |     1 |    12 |     5 |       ||    18
Dodge: Dodged            |    12 |    51 |    53 |   143 ||   259
Block: Kite shield       |     9 |    65 |   135 |   282 ||   491
       Reflection        |       |       |     8 |    21 ||    29
       Rpst.: Long sword |     6 |    16 |    16 |    35 ||    73
